 Dungeon Crawl Stone Soup version 0.29.1-14-g9c671dbff4 (webtiles) character file.

Game seed: 11844887982394838975

25 MysteronAgent613 the Stinger (level 3, -3/26 HPs)
             Began as a Meteoran Venom Mage on Feb 14, 2023.
             Slain by a goblin
             ... wielding a +0 club
              (6 damage)
             ... on level 2 of the Dungeon.
             The game lasted 00:05:08 (676 turns).

MysteronAgent613 the Stinger (Meteoran Venom Mage)   Turns: 676, Time: 00:05:09

Health: -3/26      AC:  2    Str:  9    XL:     3   Next: 35%
Magic:  15/17      EV: 12    Int: 19    God:
Gold:   54         SH:  0    Dex: 14    Spells: 2/8 levels left

rFire   . . .      SeeInvis .   (no weapon)
rCold   . . .      Faith    .   (no shield)
rNeg    . . .      Spirit   .   a - +0 robe
rPois   .          Reflect  .   (no helmet)
rElec   .          Harm     .   (no cloak)
rCorr   .          Rampage  .   (no gloves)
Will    .....                   (no boots)
Stlth   +.........              (no amulet)
HPRegen 0.08/turn               e - ring of magical power
MPRegen 0.15/turn               (no ring)

@: attractive, glowing
A: sense surroundings 1, otherworldly, glowing, explore regen
a: no special abilities


You were on level 2 of the Dungeon.
You visited 1 branch of the dungeon, and saw 2 of its levels.

You collected 54 gold pieces.

Inventory:

Missiles
 j - 4 atropa-tipped darts (quivered)
Armour
 a - a +0 robe (worn)
Jewellery
 e - a ring of magical power (left hand)
Potions
 d - a potion of degeneration {unknown}
 f - a potion of attraction
 g - a potion of flight {unknown}
 h - a potion of might {unknown}
 i - a potion of curing {unknown}
 k - a potion of mutation {unknown}


   Skills:
 * Level 2.5 Dodging
 * Level 1.5 Stealth
 * Level 3.1 Spellcasting
 * Level 1.5 Transmutations
 * Level 0.8 Air Magic
 * Level 4.2 Poison Magic


You had 2 spell levels left.
You knew the following spells:

 Your Spells              Type           Power      Damage    Failure   Level
a - Sting                 Tmut/Pois      56%        1d5       4%          1
b - Poisonous Vapours     Pois/Air       24%        N/A       8%          2
c - Mephitic Cloud        Conj/Pois/Air  9%         N/A       22%         3

Your spell library contained the following spells:

 Spells                   Type           Power      Damage    Failure   Level
 Olgreb's Toxic Radiance  Pois           19%        N/A       26%         4
 Inner Flame              Hex/Fire       2%         N/A       41%         3
 Cause Fear               Hex            1%         N/A       83%         4
 Discord                  Hex            1%         N/A       100%        8


Dungeon Overview and Level Annotations

Branches:
Dungeon (2/15) Zot: 524

Altars:

Annotations:
D:2 Robin, Sigmund


Innate Abilities, Weirdness & Mutations

You passively map a small area around you.
You are easily found by Zot.
You glow in the dark.
You regain HP and MP as you explore.


Message History

The endoplasm hits you but does no damage.
Robin roars a battlecry!
The goblins go into a battle-frenzy!
You hear a shout! x4
You escape the ball python's grasp.
The goblin attacks as you move away! The goblin hits you with a +0 club.
You hear a shout!
The goblin looks more healthy.
The quokka bites you.
The kobold hits you with a +0 short sword.
Robin roars a battlecry!
Sigmund is attracted toward you. Robin is attracted toward you.
Casting: Poisonous Vapours (safe; 8% risk of failure)
Confirm with . or Enter, or press ? or * to list all spells.
The spell is extremely dangerous to miscast (22% risk of failure)!
Continue anyway?
Aiming: Mephitic Cloud (extremely dangerous; 22% risk of failure)
Press: ? - help, Shift-Dir - straight line, p - goblin The ball explodes into a vile cloud!
You hear a shout!
Sigmund hits you with a +1 scythe of holy wrath.
The quokka completely misses you. The endoplasm freezes you.
You are frozen.
The kobold hits you but does no damage.
You hear a shout! x2
The quokka attacks as you move away! The quokka barely misses you.
The kobold hits you with a +0 short sword.
* * * LOW HITPOINT WARNING * * *
Sigmund barely misses the kobold.
The ball python is attracted toward you.
Sigmund is attracted toward you. The endoplasm is attracted toward you.
Really walk into that cloud of noxious fumes?
Okay, then.
The kobold attacks as you move away! The kobold completely misses you.
Sigmund closely misses the goblin.
The quokka bites you.
* * * LOW HITPOINT WARNING * * *
Sigmund misses the quokka.
Sigmund hits himself with a +1 scythe of holy wrath.
Robin says, "My goblins will feast on your bones."
Robin is attracted toward you. The goblin attacks as you move away!
The goblin hits you with a +0 club.
You die...

, .... ... ........### ,
,... ................
,..###.##.##.......<. ,
............#....... *
#.#................ ,,
#.........##....... *
#######).......##.......
#..........>............
#..###.)@g§....†.........
....?...grKg.............
#########J@......#.......
#..S...(...######
#...<...#..#
#########...# *, ** * *
##...#, ,, * * * ##.g..,
, , , ....


You could see Sigmund (confused), Robin, an endoplasm, a quokka, a hobgoblin
(strong), a goblin (strong), a ball python and a kobold.

Vanquished Creatures
  3 ball pythons (D:1)
  3 bats (D:1)
  An endoplasm (D:1)
  2 goblins (D:1)
  3 hobgoblins (D:1)
  2 frilled lizards (D:1)
  6 kobolds
  4 rats
24 creatures vanquished.

Notes
Turn   | Place    | Note
-------+----------+-------------------------------------------
     0 | D:1      | MysteronAgent613 the Meteoran Venom Mage began the quest
                  | for the Orb.
     0 | D:1      | Reached XP level 1. HP: 14/14 MP: 5/5
   182 | D:1      | Reached XP level 2. HP: 16/20 MP: 6/6
   185 | D:1      | Learned a level 2 spell: Poisonous Vapours
   229 | D:1      | Reached skill level 4 in Poison Magic
   407 | D:1      | Reached XP level 3. HP: 26/26 MP: 8/8
   411 | D:1      | Learned a level 3 spell: Mephitic Cloud
   500 | D:1      | Glimpsed the power of Zot.
   550 | D:1      | Glimpsed the power of Zot.
   644 | D:2      | Noticed Sigmund
   664 | D:2      | Noticed Robin
   676 | D:2      | Slain by a goblin

Illustrated notes

Levels and vault maps discovered:
D:1:      lightli_iron_boxes, layout_loops_ring
D:2:      layout_rooms, uniq_sigmund, uniq_robin

Skill      XL: |  1  2 |
---------------+-------+-----
Poison Magic   | 4 |  4.2
Spellcasting   | 3 |  3.1
Dodging        | |  2.5
Stealth        | |  1.5
Transmutations | |  1.5
Air Magic      | |  0.8

Action                   || total
-------------------------++-------
Melee: Unarmed           ||     5
 Cast: Sting             ||    22
       Poisonous Vapours ||    17
       Mephitic Cloud    ||     2
  Use: Scroll            ||     2
       Potion            ||     3
Armor: Robe              ||    29
Dodge: Dodged            ||    58
